 Dungeon Crawl Stone Soup version 0.27-a0-1189-gb8eb6cee8e (webtiles) character file.

Game seed: 8387215009780109155

1817 flotson the Covert (level 9, -2/73 HPs)
             Began as a Gnoll Delver on May 23, 2021.
             Was a Follower of Trog.
             Slain by a gargoyle
             ... wielding a +0 mace
              (13 damage)
             ... on level 7 of the Dungeon.
             The game lasted 00:14:13 (7582 turns).

flotson the Covert (Gnoll Delver)                   Turns: 7582, Time: 00:14:16

Health: -2/73      AC: 20    Str: 15    XL:     9   Next: 10%
Magic:  14/14      EV: 18    Int:  9    God:    Trog [*.....]
Gold:   352        SH: 10    Dex: 20    Spells: 15/15 levels left

rFire    . . .     SeeInvis .   a - +0 long sword (protect)
rCold    . . .     Faith    .   r - +0 kite shield
rNeg     . . .     Spirit   .   C - +0 steam dragon scales
rPois    .         Reflect  .   F - +1 helmet
rElec    .         Harm     .   B - +2 cloak
rCorr    .         Rampage  .   p - +1 pair of gloves
Will     .....                  (no boots)
Stlth    +++++.....             (no amulet)
HPRegen  0.22/turn              q - +6 ring of dexterity
MPRegen  0.14/turn              t - +4 ring of evasion

@: under a protective aura, on berserk cooldown
A: fangs 1, strong nose, distributed training
a: Renounce Religion, Berserk


You were on level 7 of the Dungeon.
You worshipped Trog.
Trog was aware of your devotion.
You visited 2 branches of the dungeon, and saw 8 of its levels.

You collected 352 gold pieces.

Inventory:

Hand Weapons
 a - a +0 long sword of protection (weapon)
 b - a +0 hunting sling
Missiles
 i - 55 sling bullets
 y - 12 boomerangs (quivered)
 G - 3 poisoned darts
Armour
 p - a +1 pair of gloves (worn)
 r - a +0 kite shield (worn)
 B - a +2 cloak (worn)
 C - +0 steam dragon scales (worn)
 F - a +1 helmet (worn)
 I - a scarf of invisibility
Jewellery
 f - a ring of ice
 h - a ring of willpower
 q - a +6 ring of dexterity (left hand)
 t - a +4 ring of evasion (right hand)
 D - a ring of fire
Wands
 g - a wand of digging (10)
Scrolls
 c - 2 scrolls of fog
 d - a scroll of magic mapping
 j - 10 scrolls of identify {unknown}
 l - a scroll of enchant armour {unknown}
 m - 2 scrolls of vulnerability {unknown}
 o - 3 scrolls of amnesia {unknown}
 s - 2 scrolls of enchant weapon {unknown}
 v - 2 scrolls of blinking {unknown}
 w - 4 scrolls of noise {unknown}
 z - a scroll of teleportation {unknown}
 E - 2 scrolls of fear
Potions
 e - a potion of might {unknown}
 k - 2 potions of curing
 n - a potion of degeneration {unknown}
 u - a potion of brilliance {unknown}
 x - 2 potions of resistance {unknown}
 H - a potion of magic {unknown}
 J - a potion of lignification {unknown}


   Skills:
 + Level 7.7 Fighting
 + Level 3.9 Short Blades
 + Level 3.9 Long Blades
 + Level 3.9 Axes
 + Level 3.9 Maces & Flails
 + Level 6.1 Polearms
 + Level 3.9 Staves
 + Level 3.9 Slings
 + Level 3.9 Bows
 + Level 3.9 Crossbows
 + Level 3.9 Throwing
 + Level 3.9 Armour
 + Level 6.1 Dodging
 + Level 10.3 Stealth
 + Level 3.9 Shields
 + Level 3.9 Unarmed Combat
 + Level 3.9 Spellcasting
 + Level 3.2 Conjurations
 + Level 3.2 Hexes
 + Level 3.2 Summonings
 + Level 3.2 Necromancy
 + Level 3.2 Translocations
 + Level 3.2 Transmutations
 + Level 3.2 Fire Magic
 + Level 3.2 Ice Magic
 + Level 3.2 Air Magic
 + Level 3.2 Earth Magic
 + Level 3.2 Poison Magic
 + Level 4.3 Invocations
 + Level 3.9 Evocations


You had 15 spell levels left.
You didn't know any spells.
Your spell library contained the following spells:

 Spells                   Type           Power      Damage    Failure   Level
 Freeze                   Ice            28%        1d5       30%         1
 Sublimation of Blood     Necr           3%         N/A       43%         2
 Frozen Ramparts          Ice            14%        1d3       67%         3
 Ignite Poison            Fire/Tmut/Pois 7%         N/A       67%         3
 Ozocubu's Armour         Ice            7%         N/A       67%         3
 Hailstorm                Conj/Ice       7%         3d4       97%         4
 Petrify                  Tmut/Erth      7%         N/A       97%         4
 Alistair's Intoxication  Tmut/Pois      4%         N/A       100%        5
 Irradiate                Conj/Tmut      3%         3d14      100%        5
 Metabolic Englaciation   Hex/Ice        3%         N/A       100%        5
 Eringya's Noxious Bog    Tmut/Pois      3%         N/A       100%        6


Dungeon Overview and Level Annotations

Branches:
Dungeon (7/15)             Temple (1/1) D:4

Altars:
Cheibriados
Elyvilon
Fedhas
Gozag
Hepliaklqana
Kikubaaqudgha
Makhleb
Nemelex Xobeh
Trog
Uskayaw
Vehumet
Wu Jian
The Shining One

Annotations:
D:4 Dowan


Innate Abilities, Weirdness & Mutations

You have very sharp teeth.
Your uncanny sense of smell can sniff out nearby items.
Your experience applies equally to all skills.


Message History

The gargoyle is severely damaged.
The gargoyle hits you with a +0 mace. You block the gargoyle's attack.
You hit the gargoyle but do no damage.
You bite the gargoyle, but do no damage.
The gargoyle is severely damaged.
The gargoyle misses you.
You riposte.
You hit the gargoyle but do no damage.
The gargoyle is severely damaged.
The gargoyle hits you with a +0 mace!
* * * LOW HITPOINT WARNING * * *
Aiming: Iceblast
Press: ? - help, Shift-Dir - straight line The mass of ice explodes!
The iceblast engulfs the gargoyle but does no damage.
The gargoyle is severely damaged.
You block the gargoyle's attack. The gargoyle misses you.
Aiming: Iceblast
Press: ? - help, Shift-Dir - straight line The mass of ice explodes!
The iceblast engulfs the gargoyle!
The gargoyle is almost destroyed.
The now-empty wand crumbles to dust.
The gargoyle closely misses you.
You riposte.
You hit the gargoyle but do no damage.
You bite the gargoyle, but do no damage.
The gargoyle is almost destroyed.
No previous command to re-do.
Okay, then.
You feel better. The gargoyle closely misses you.
The gargoyle hurls a stone arrow at you.
The stone arrow misses you.
You hit the gargoyle but do no damage. Your bite misses the gargoyle.
The gargoyle is almost destroyed.
You block the gargoyle's attack.
The gargoyle hurls a stone arrow at you.
The stone arrow misses you.
You barely miss the gargoyle.
The gargoyle is almost destroyed.
You feel yourself speed up. The gargoyle hits you with a +0 mace!
* * * LOW HITPOINT WARNING * * *
The gargoyle hits you with a +0 mace!
You die...

#................# #
..#######...#####.#
##.## #.#
#.######.######### ∆
###.##..............
##
#$.....############.
∆ ....#.#.#..# #.
#........# #.
#.#.#@#.## #.
#.#>9[..# #. #
###.### #. #.# #.
..# #. ### ##


You could see a gargoyle.

Vanquished Creatures
  A steam dragon (D:7)
  Menkaure (D:7)
  Duvessa (D:4)
  3 water moccasins
  2 ogres
  A phantom (D:5)
  A bullfrog (D:7)
  A water moccasin skeleton (D:5)
  4 wights
  4 hounds
  2 jellies
  Crazy Yiuf (D:4)
  A gnoll shaman (D:5)
  2 iguanas
  2 orc priests
  A centaur skeleton (D:5)
  Robin (D:2)
  7 adders
  4 gnolls (D:5)
  2 howler monkey skeletons (D:6)
  An ufetubus (D:5)
  An adder zombie (D:5)
  2 adder skeletons (D:4)
  3 dart slugs
  9 orcs
  6 ball pythons
  3 bats (D:1)
  9 endoplasms
  2 giant cockroaches
  16 goblins
  8 hobgoblins
  6 jackals
  3 kobolds
  5 quokkas
  A frilled lizard (D:2)
  13 rats
130 creatures vanquished.

Vanquished Creatures (others)
  A centaur zombie (D:7)
  A bullfrog zombie (D:7)
2 creatures vanquished.

Grand Total: 132 creatures vanquished

Notes
Turn   | Place    | Note
-------+----------+-------------------------------------------
     0 | D:5      | Reached skill level 9 in Stealth
     0 | D:5      | flotson the Gnoll Delver began the quest for the Orb.
     0 | D:5      | Reached XP level 1. HP: 23/23 MP: 1/1
     8 | D:5      | Noticed an iguana
   116 | D:5      | Noticed an ogre
   201 | D:4      | Noticed a hound
   251 | D:2      | Reached XP level 2. HP: 27/29 MP: 2/2
   264 | D:2      | Found a hide-covered altar of Uskayaw.
   519 | D:1      | Reached XP level 3. HP: 35/35 MP: 3/3
   732 | D:1      | Found a faded altar of an unknown god.
  1158 | D:2      | Reached skill level 1 in Invocations
  1269 | D:2      | Reached skill level 1 in Short Blades
  1269 | D:2      | Reached skill level 1 in Long Blades
  1269 | D:2      | Reached skill level 1 in Axes
  1269 | D:2      | Reached skill level 1 in Maces & Flails
  1269 | D:2      | Reached skill level 1 in Staves
  1269 | D:2      | Reached skill level 1 in Slings
  1269 | D:2      | Reached skill level 1 in Bows
  1269 | D:2      | Reached skill level 1 in Crossbows
  1269 | D:2      | Reached skill level 1 in Throwing
  1269 | D:2      | Reached skill level 1 in Armour
  1269 | D:2      | Reached skill level 1 in Shields
  1269 | D:2      | Reached skill level 1 in Unarmed Combat
  1269 | D:2      | Reached skill level 1 in Spellcasting
  1269 | D:2      | Reached skill level 1 in Evocations
  1364 | D:2      | Reached XP level 4. HP: 41/41 MP: 5/5
  1465 | D:2      | Noticed Robin
  1493 | D:2      | Killed Robin
  1501 | D:2      | Reached skill level 1 in Conjurations
  1501 | D:2      | Reached skill level 1 in Hexes
  1501 | D:2      | Reached skill level 1 in Summonings
  1501 | D:2      | Reached skill level 1 in Necromancy
  1501 | D:2      | Reached skill level 1 in Translocations
  1501 | D:2      | Reached skill level 1 in Transmutations
  1501 | D:2      | Reached skill level 1 in Fire Magic
  1501 | D:2      | Reached skill level 1 in Ice Magic
  1501 | D:2      | Reached skill level 1 in Air Magic
  1501 | D:2      | Reached skill level 1 in Earth Magic
  1501 | D:2      | Reached skill level 1 in Poison Magic
  2107 | D:3      | Reached XP level 5. HP: 47/47 MP: 6/6
  2807 | D:4      | Noticed Duvessa
  2807 | D:4      | Noticed Dowan
  2959 | D:4      | Reached XP level 6. HP: 53/53 MP: 8/8
  3284 | D:4      | Killed Duvessa
  3285 | D:4      | Reached skill level 5 in Polearms
  3285 | D:4      | Reached skill level 5 in Dodging
  3511 | D:4      | Found a staircase to the Ecumenical Temple.
  3517 | Temple   | Entered the Ecumenical Temple
  3797 | Temple   | Became a worshipper of Trog the Wrathful
  3967 | D:4      | Found a runed translucent door.
  3968 | D:4      | Noticed Crazy Yiuf
  3989 | D:4      | Killed Crazy Yiuf
  4198 | D:5      | Reached XP level 7. HP: 59/59 MP: 10/10
  4982 | D:6      | Reached skill level 10 in Stealth
  4982 | D:6      | Reached XP level 8. HP: 25/67 MP: 12/12
  6854 | D:7      | Noticed Menkaure
  6858 | D:7      | Killed Menkaure
  6859 | D:7      | Reached XP level 9. HP: 64/71 MP: 14/14
  7125 | D:7      | Reached * piety under Trog
  7527 | D:7      | Noticed a gargoyle
  7582 | D:7      | Slain by a gargoyle

Illustrated notes

Levels and vault maps discovered:
D:1:      minmay_arrival_solitary_statue, layout_loops_ring,
          shapermc_ecumenical_altar_venn
D:2:      layout_loops_ring, basic_altar, minmay_rat_gold_closets, uniq_robin
D:3:      layout_basic, grunt_decor_one_mirror
D:4:      layout_rooms, minmay_temple_entry_fiery, uniq_crazy_yiuf_cottage,
          uniq_duvessa
D:5:      layout_basic
D:6:      layout_basic
D:7:      layout_loops_ring, overflow_temple_1_default, lemuel_flamethrower_2,
          uniq_menkaure
Temple:   oiseaux_autumnal_temple

Skill      XL: |  1  2  3  4  5  6  7  8 |
---------------+-------------------------+-----
Stealth        | 10 | 10.3
Invocations    | 1 2 3 4 |  4.3
Short Blades   | 1 2 3 |  3.9
Long Blades    | 1 2 3 |  3.9
Axes           | 1 2 3 |  3.9
Maces & Flails | 1 2 3 |  3.9
Staves         | 1 2 3 |  3.9
Slings         | 1 2 3 |  3.9
Bows           | 1 2 3 |  3.9
Crossbows      | 1 2 3 |  3.9
Throwing       | 1 2 3 |  3.9
Armour         | 1 2 3 |  3.9
Shields        | 1 2 3 |  3.9
Unarmed Combat | 1 2 3 |  3.9
Spellcasting   | 1 2 3 |  3.9
Evocations     | 1 2 3 |  3.9
Conjurations   | 1 2 3 |  3.2
Hexes          | 1 2 3 |  3.2
Summonings     | 1 2 3 |  3.2
Necromancy     | 1 2 3 |  3.2
Translocations | 1 2 3 |  3.2
Transmutations | 1 2 3 |  3.2
Fire Magic     | 1 2 3 |  3.2
Ice Magic      | 1 2 3 |  3.2
Air Magic      | 1 2 3 |  3.2
Earth Magic    | 1 2 3 |  3.2
Poison Magic   | 1 2 3 |  3.2
Polearms       | 5 6 |  6.1
Dodging        | 5 6 |  6.1
Fighting       | 7 |  7.7

Action                   |  1- 3 |  4- 6 |  7- 9 || total
-------------------------+-------+-------+-------++-------
Melee: Spear             |    11 |       |       ||    11
       Dagger            |    44 |   197 |   297 ||   538
       Bite              |     3 |    23 |    69 ||    95
       Hand axe          |       |       |    19 ||    19
       Long sword        |       |       |    27 ||    27
 Fire: Hunting sling     |     2 |    17 |     2 ||    21
Throw: Boomerang         |       |    12 |     8 ||    20
Invok: Berserk           |       |       |     1 ||     1
Evoke: Wand              |       |       |     6 ||     6
  Use: Scroll            |     2 |       |       ||     2
       Potion            |       |     1 |     1 ||     2
 Stab: Sleeping          |    22 |     9 |     8 ||    39
Armor: Leather armour    |     3 |       |       ||     3
       Ring mail         |    13 |    36 |    71 ||   120
       Steam dragon scal |       |       |     1 ||     1
Dodge: Dodged            |    18 |    99 |   208 ||   325
Block: Kite shield       |       |    51 |   181 ||   232
       Rpst.: Long sword |       |       |     5 ||     5

Table legend: (Time is in decaauts)
 A = Elapsed time spent in this place.
 B = Non-inter-level travel time spent in this place.
 C = Inter-level travel time spent in this place.
 D = Time resting spent in this place.
 E = Time spent auto-exploring this place.
 F = Levels seen in this place.
 G = Mean time per level.
                   A        B        C        D        E       F      G
               +--------+--------+--------+--------+--------+-----+--------+
         Total |   7649 |   7240 |    409 |    508 |   5003 |   8 |  956.1 |
       Dungeon |   7327 |   6983 |    344 |    508 |   4747 |   7 | 1046.7 |
        Temple |    322 |    257 |     65 |      0 |    255 |   1 |  322.0 |
               +--------+--------+--------+--------+--------+-----+--------+

Top non-repeatable levels by time:
     D:7: 1492 daAuts
     D:4: 1192 daAuts
     D:6: 1181 daAuts
     D:5: 1068 daAuts
     D:2: 905 daAuts
     D:1: 760 daAuts
     D:3: 727 daAuts
  Temple: 322 daAuts
